 Dungeon Crawl Stone Soup version 0.31-a0-435-g2c6fae2916 (webtiles) character file.

Game seed: 1549690641959137563

39 Flugkiller the Changeling (level 3, 5/20 HPs)
             Began as a Deep Elf Shapeshifter on Aug 1, 2023.
             Quit the game on level 2 of the Dungeon.
             The game lasted 00:01:06 (687 turns).

Flugkiller the Changeling (Deep Elf Shapeshifter)    Turns: 687, Time: 00:01:07

Health: 5/20       AC:  2    Str: 12    XL:     3   Next: 26%
Magic:  2/5        EV: 13    Int: 12    God:
Gold:   129        SH:  0    Dex: 17    Spells: 2/2 levels left

rFire   . .          .
                       - Unarmed
rCold   . . .        (no shield)
rNeg    . . .        a - +0 animal skin
rPois   .            (helmet currently unavailable)
rElec   .            (cloak currently unavailable)
rCorr   .            (gloves currently unavailable)
SInv    .            (boots currently unavailable)
Will    .....        k - amulet of guardian spirit
Stlth   ++           (no ring)
HPRegen 0.23/turn    (no ring)
MPRegen 0.09/turn

%: guardian spirit
@: lethally poisoned (5 -> -3), beast-form, attractive
A: beast (slay +2)
a: Begin Untransformation


You were on level 2 of the Dungeon.
You were a hulking beast.
You visited 1 branch of the dungeon, and saw 2 of its levels.

You collected 129 gold pieces.

Inventory:

Armour
 a - a +0 animal skin (worn)
Jewellery
 k - an amulet of guardian spirit (around neck)
   (You found it on level 2 of the Dungeon)
Talismans
 c - a beast talisman (active)
Scrolls
 b - a scroll of immolation
 d - a scroll of enchant armour
 h - a scroll of enchant weapon
 i - a scroll of amnesia {unknown}
 j - a scroll of poison {unknown}
 t - 2 scrolls of teleportation


   Skills:
 + Level 1.2 Fighting
 + Level 3.0 Dodging
 + Level 2.7 Unarmed Combat
 * Level 3.8 Shapeshifting


You had 2 spell levels left.
You didn't know any spells.
Your spell library was empty.

Dungeon Overview and Level Annotations

Branches:
Dungeon (2/15) Zot: 11316

Altars:


Message History

You start resting.
Your transformation is almost over.
You feel less wooden.
Your +0 animal skin unmelds from your body.
You turn into a hulking beast.
You start resting.
HP restored.
b - a scroll labelled XOLISEGEUPP
j - an amulet of magic regeneration You start putting on your amulet.
You continue putting on your amulet of magic regeneration. x5
You finish putting on your amulet of magic regeneration.
j - an amulet of magic regeneration (around neck)
f - 2 scrolls labelled DIVVAL AXKE (gained 1)
Found 2 poisoned darts.
Found a scale mail.
Found a short sword.
No target in view!
No target in view!
No target in view!
No target in view!
k - an amulet of guardian spirit You start removing your amulet.
You continue taking off your amulet of magic regeneration. x4
You finish taking off your amulet of magic regeneration.
You start putting on your amulet.
You continue putting on your amulet of guardian spirit. x5
You finish putting on your amulet of guardian spirit.
You feel your power drawn to a protective spirit.
k - an amulet of guardian spirit (around neck)
You drop an amulet of magic regeneration.
You see here a +0 scale mail.
Found a stone staircase leading down.
A quokka comes into view.
A quokka is nearby!
You hit the quokka.
The quokka is severely wounded.
The quokka bites you but does no damage.
You barely miss the quokka.
The quokka is severely wounded.
The quokka misses you.
You hit the quokka.
You kill the quokka!
No target in view!
No target in view!
No target in view!
No target in view!
Found a stone staircase leading down.
j - a scroll labelled WIRCHU DAJA
Okay, then.
As you read the scroll labelled LOTEBL ZOAFUD, it crumbles to dust.
You feel strangely unstable.
It was a scroll of teleportation.
t - 2 scrolls of teleportation Unknown command.
As you read the scroll labelled DIVVAL AXKE, it crumbles to dust.
It is a scroll of identify.
b - a scroll of immolation;
r - a scroll of identify
As you read the scroll of identify, it crumbles to dust.
d - a scroll of enchant armour Your surroundings suddenly seem different.
As you read the scroll labelled CYTOMOB CESTRE, it crumbles to dust.
It is a scroll of enchant weapon.
You aren't carrying any weapons that can be enchanted.
You see here a giant cockroach corpse.
Found 6 stones.
You now have 129 gold pieces (gained 4).
You see here 6 stones.
Found a stone staircase leading up.
A ball python comes into view.
A ball python is nearby!
An adder comes into view.
The adder hisses angrily.
You miss the adder. The adder closely misses you.
You completely miss the adder. The adder bites you.
You are poisoned.
The adder poisons you!
The ball python bites you but does no damage.
The ball python grabs you. The ball python constricts you.
You hit the ball python.
The ball python is severely wounded.
You feel sick. The adder bites you.
You are more poisoned.
The adder poisons you! The ball python bites you.
The ball python constricts you.
You hit the ball python.
You kill the ball python!
You feel sick. The adder bites you.
You are lethally poisoned!
The adder poisons you! The adder barely misses you.
Your Dodging skill increases to level 3!
You feel very sick.
It was a potion of attraction.
You feel attractive to monsters.
* * * LOW HITPOINT WARNING * * *
You feel sick. The adder barely misses you.
Okay, then.
You aren't carrying any potions.
Unknown command.
Okay, then.
Are you sure you want to abandon this character and quit the game? (Confirm with "yes".)

####### #.....#
#.....# #.....#
#.....#
#.....#######
#.<......##.# #S#
#.##.#### #h#
#.......##
#.#####.#.##..#
#.#...#.#.###.###
#...#.#...# #...#
#..##...#####..##
#..##...# #(.##
#...###...####.##
.##[#.###..###...##
..................#


You could see an adder.

Vanquished Creatures
  An adder (D:2)
  A dart slug (D:1)
  An endoplasm (D:1)
  4 giant cockroaches
  3 goblins (D:1)
  A hobgoblin (D:1)
  A kobold (D:1)
  A quokka (D:2)
  2 ball pythons
  3 bats (D:1)
  6 frilled lizards (D:1)
  5 rats
29 creatures vanquished.

Notes
Turn   | Place    | Note
-------+----------+-------------------------------------------
     0 | D:1      | Flugkiller the Deep Elf Shapeshifter began the quest for
                  | the Orb.
     0 | D:1      | Reached XP level 1. HP: 11/11 MP: 3/3
    81 | D:1      | Reached skill level 1 in Fighting
    83 | D:1      | Reached XP level 2. HP: 14/16 MP: 4/4
   506 | D:2      | Reached XP level 3. HP: 20/20 MP: 5/5
   687 | D:2      | Quit the game

Illustrated notes

Levels and vault maps discovered:
D:1:      dpeg_arrival_arbitrary_b, layout_rooms
D:2:      layout_rooms, basic_altar

Skill      XL: |  1  2  3 |
---------------+----------+-----
Fighting       | 1 |  1.2
Dodging        | 3 |  3.0
Unarmed Combat | |  2.7
Shapeshifting  | |  3.8

Action                     || total
---------------------------++-------
  Melee: Unarmed           ||    64
    Use: Potion            ||     2
         Scroll            ||     4
   Stab: Sleeping          ||     1
 Armour: Animal skin       ||    11
         Skin              ||     1
  Dodge: Dodged            ||    44

Table legend: (Time is in decaauts)
 A = Elapsed time spent in this place.
 B = Non-inter-level travel time spent in this place.
 C = Inter-level travel time spent in this place.
 D = Time resting spent in this place.
 E = Time spent auto-exploring this place.
 F = Levels seen in this place.
 G = Mean time per level.
                   A        B        C        D        E       F      G
               +--------+--------+--------+--------+--------+-----+--------+
         Total |    683 |    656 |     27 |     85 |    356 |   2 |  341.5 |
       Dungeon |    683 |    656 |     27 |     85 |    356 |   2 |  341.5 |
               +--------+--------+--------+--------+--------+-----+--------+

Top non-repeatable levels by time:
     D:1: 459 daAuts
     D:2: 223 daAuts
